 Dungeon Crawl Stone Soup version 0.20.1-1-g8b1a95d (webtiles) character file.

83 ChromeMolly the Charmwright (level 4, 0/29 HPs)
             Began as an Octopode Skald on Dec 28, 2017.
             Slain by a jackal (1 damage)
             ... on level 2 of the Dungeon on Dec 29, 2017.
             The game lasted 00:15:24 (1106 turns).

ChromeMolly the Charmwright (Octopode Skald)        Turns: 1106, Time: 00:15:25

Health: 0/29       AC:  1    Str: 10    XL:     4   Next: 44%
Magic:  3/7        EV: 13    Int: 15    God:
Gold:   17         SH:  3    Dex: 12    Spells: 2/7 levels left

rFire    . . .     SeeInvis .   a - +0 short sword
rCold    . . .     Gourm    .   k - +0 buckler
rNeg     . . .     Faith    .   (helmet restricted)
rPois    .         Spirit   .   (no amulet)
rElec    .         Reflect  .   (no ring)
rCorr    .         Harm     .   (no ring)
MR       .....                  (no ring)
Stlth    +++.......             (no ring)
Regen    0.1/turn               (no ring)
MPRegen  0.1/turn               (no ring)
                                (no ring)
                                (no ring)

@: singing, very slightly contaminated
A: almost no armour, stealthy swim, amphibious, 8 rings, constrict 8, camouflage
1, gelatinous body 1
a: no special abilities


You were on level 2 of the Dungeon.
You were not hungry.

You visited 1 branch of the dungeon, and saw 2 of its levels.

You collected 17 gold pieces.

Inventory:

Hand Weapons
 a - a +0 short sword (weapon)
Missiles
 i - 52 stones (quivered)
Armour
 k - a +0 buckler (worn)
Scrolls
 f - 3 scrolls of remove curse {unknown}
 g - a scroll of recharging {unknown}
 l - a scroll of enchant armour {unknown}
 n - 4 scrolls of teleportation
 o - a scroll of immolation {unknown}
Potions
 m - 2 potions of magic
Books
 b - a book of Battle

   Spells                             Type                      Level
   a - Infusion                       Charms                       1
   b - Shroud of Golubria             Charms/Translocation         2
   c - Song of Slaying                Charms                       2
   d - Spectral Weapon                Hexes/Charms                 3
   e - Regeneration                   Charms/Necromancy            3
Comestibles
 c - 3 bread rations
 h - a royal jelly
 j - 11 chunks of flesh
 q - 4 fruits


   Skills:
 + Level 2.2 Fighting
 * Level 3.2 Short Blades
 + Level 0.4 Throwing
 + Level 2.9 Dodging
 * Level 1.5 Stealth
 + Level 2.2 Spellcasting
 + Level 3.3 Charms


You had 2 spell levels left.
You knew the following spells:

 Your Spells              Type           Power        Failure   Level  Hunger
a - Infusion              Chrm           ##..         10%         1    #......
b - Song of Slaying       Chrm           ##......     14%         2    ###....
c - Shroud of Golubria    Chrm/Tloc      #.........   28%         2    ###....


Dungeon Overview and Level Annotations

Branches:
Dungeon (2/15)

Altars:


Innate Abilities, Weirdness & Mutations

You cannot wear most types of armour.
You are very stealthy in the water. (Stealth+)
You are amphibious.
You can wear up to eight rings at the same time.
You can use your tentacles to constrict eight enemies at once.
Your skin changes colour to match your surroundings (Stealth+).
Your rubbery body absorbs attacks. (AC +1, EV +1)


Message History

Ouch! That really hurt!
* * * LOW HITPOINT WARNING * * *
The jackal misses you.
You hit the orc priest but do no damage.
The orc priest is heavily wounded.
You constrict the orc priest. The jackal barely misses you.
The orc priest closely misses you.
You hit the orc priest but do no damage.
The orc priest is heavily wounded.
You constrict the orc priest. The jackal bites you.
* * * LOW HITPOINT WARNING * * *
You hit the orc priest but do no damage.
The orc priest is heavily wounded.
You constrict the orc priest. The jackal bites you.
* * * LOW HITPOINT WARNING * * *
The orc priest closely misses you.
You hit the orc priest but do no damage.
The orc priest is severely wounded.
You constrict the orc priest. The jackal bites you.
You die...

##### ###.#
#.... #...#
#.... #..##
###....##.##
.......#..#
#....
#.......#
#...
#......##
#...
###...h).#
#..
#....So@.#
#..
#...#g##.#
#.# ......
#.#
#.###..(###
#.#
#....<...# .#
#####<.......
..
...........#.
..
####.......#
.. #.<.....#


You could see an orc priest, an adder, a jackal and a hobgoblin.

Vanquished Creatures
  An orc priest (D:2)
  2 adders
  2 worms (D:2)
  2 orcs (D:2)
  A ball python (D:2)
  5 bats
  A giant cockroach (D:1)
  2 goblins (D:1)
  5 hobgoblins
  A kobold (D:1)
  3 frilled lizards
  5 rats
30 creatures vanquished.

Notes
Turn   | Place    | Note
-------+----------+-------------------------------------------
     0 | D:1      | ChromeMolly the Octopode Skald began the quest for the Orb.
     0 | D:1      | Reached XP level 1. HP: 14/14 MP: 3/3
     3 | D:1      | Noticed an electric eel
     3 | D:1      | Noticed an electric eel
   125 | D:1      | Reached XP level 2. HP: 19/19 MP: 5/5
   708 | D:1      | Reached XP level 3. HP: 24/24 MP: 6/6
   805 | D:1      | Learned a level 2 spell: Song of Slaying
   808 | D:1      | Learned a level 2 spell: Shroud of Golubria
   945 | D:2      | Reached skill level 1 in Stealth
  1101 | D:2      | Reached XP level 4. HP: 18/29 MP: 3/7
  1105 | D:2      | HP: 1/29 [jackal (1)]
  1106 | D:2      | Slain by a jackal

Skill      XL: |  1  2  3 |
---------------+----------+-----
Stealth        | 1 |  1.5
Short Blades   | 3 |  3.2
Fighting       | |  2.2
Throwing       | |  0.4
Dodging        | |  2.9
Spellcasting   | |  2.2
Charms         | |  3.3

Action                   |  1- 3 |  4- 6 || total
-------------------------+-------+-------++-------
Melee: Short sword       |    67 |     5 ||    72
       Constrict         |    22 |       ||    22
       Tentacles         |    12 |       ||    12
Throw: Stone             |    21 |       ||    21
 Cast: Infusion          |     2 |       ||     2
       Shroud of Golubri |     1 |       ||     1
       Song of Slaying   |     1 |       ||     1
  Use: Scroll            |     2 |       ||     2
       Potion            |     2 |       ||     2
 Stab: Sleeping          |     4 |       ||     4
  Eat: Chunk             |     1 |       ||     1
Armor: Skin              |     3 |     1 ||     4
Dodge: Dodged            |    36 |     6 ||    42
Block: Buckler           |     4 |       ||     4
